 Dungeon Crawl Stone Soup version 0.31.0-12-g77e489cdc1 (webtiles) character file.

Game seed: 4287252688066679922

102 BobuRosu the Cudgeller (level 4, -1/35 HPs)
             Began as a Demonspawn Berserker on Feb 24, 2024.
             Was a Believer of Trog.
             Slain by an orc
             ... wielding a +0 whip
              (4 damage)
             ... on level 4 of the Dungeon.
             The game lasted 00:13:02 (1141 turns).

BobuRosu the Cudgeller (Demonspawn Berserker)       Turns: 1141, Time: 00:13:02

Health: -1/35      AC: 10    Str: 20    XL:     4   Next: 50%
Magic:  4/4        EV: 17    Int:  7    God:    Trog [**....]
Gold:   100        SH:  0    Dex: 10    Spells: 3/3 levels left

rFire   . . .        a - +0 mace
rCold   + + .        (no shield)
rNeg    + . .        f - +2 robe {rN+}
rPois   +            (no helmet)
rElec   +            (no cloak)
rCorr   +            (no gloves)
SInv    .            (no boots)
Will    .....        c - amulet of regeneration
Stlth   +            e - +5 ring of evasion
HPRegen 1.85/turn    b - ring of ice
MPRegen 0.09/turn

%: no passive effects
@: resistant, sanguine armoured
A: sanguine armour 1, clumsy 1, regeneration 1, electricity resistance
a: Renounce Religion, Berserk, Trog's Hand


You were on level 4 of the Dungeon.
You worshipped Trog.
Trog was pleased with you.
You visited 1 branch of the dungeon, and saw 4 of its levels.

You collected 100 gold pieces.

Inventory:

Hand Weapons
 a - a +0 mace (weapon)
Armour
 f - a +2 robe of positive energy (worn)
Jewellery
 b - a ring of ice (right hand)
 c - an amulet of regeneration (around neck)
 e - a +5 ring of evasion (left hand)
Scrolls
 d - 2 scrolls of blinking
 h - a scroll of teleportation
 j - a scroll of vulnerability {unknown}
 l - a scroll of immolation {unknown}


   Skills:
 + Level 3.5 Fighting
 + Level 4.0 Maces & Flails
 + Level 1.8 Armour
 + Level 2.6 Dodging
 + Level 0.1 Stealth


You had 3 spell levels left.
You didn't know any spells.
Your spell library was empty.

Dungeon Overview and Level Annotations

Branches:
Dungeon (4/15)
 Temple: D:4-7

Altars:
Sif Muna


Innate Abilities, Weirdness & Mutations

When seriously injured, your blood forms armour. (AC +6)
You are clumsy. (Dex -2)
Your natural rate of healing is unusually fast.
You are resistant to electric shocks. (rElec)


Message History

You hit the orc warrior.
The orc warrior is moderately wounded.
The orc hits you but does no damage. The orc warrior barely misses you.
The orc hits you but does no damage.
The orc warrior hits you but does no damage.
The orc barely misses you. The orc hits you but does no damage.
You hit the orc warrior but do no damage.
The orc warrior is moderately wounded.
You feel less wooden.
Your +2 robe of positive energy unmelds from your body.
You feel more protected from negative energy.
Your blood congeals into armour.
The orc barely misses you.
The orc warrior hits you with a +0 dire flail!
The orc closely misses you.
You hit the orc warrior but do no damage.
The orc warrior is moderately wounded.
The orc hits you but does no damage.
The orc warrior hits you with a +0 dire flail.
The orc barely misses you.
You closely miss the orc warrior.
The orc warrior is moderately wounded.
The orc warrior hits you with a +0 dire flail!
* * * LOW HITPOINT WARNING * * *
The orc hits you but does no damage. The orc misses you.
It was a potion of resistance.
You feel protected. The orc hits you but does no damage.
The orc warrior closely misses you. The orc closely misses you.
You thump the orc warrior!
The orc warrior is heavily wounded.
The orc warrior barely misses you. The orc barely misses you. x2
You hit the orc warrior.
The orc warrior is severely wounded.
The orc misses you. The orc warrior barely misses you.
The orc hits you with a +0 whip.
* * * LOW HITPOINT WARNING * * *
The orc warrior hits you with a +0 dire flail.
* * * LOW HITPOINT WARNING * * *
The orc hits you but does no damage. The orc hits you with a +0 whip.
You die...

.. ... ###### #...
#....####
#...##.......#
#............#
.............#
#.......# #...o...#
#.).o@..# #...o...+
..... #.......# .....
#.......# ....#
#.......# ...###+#
#.......#### #......
#..............#......
#..............#......
#..............#......


You could see an orc warrior and 2 orcs.

Vanquished Creatures
  An orc priest (D:4)
  Jessica (D:2)
  An adder (D:2)
  A dart slug (D:2)
  2 ball pythons (D:2)
  4 endoplasms
  A goblin (D:2)
  3 hobgoblins
  4 jackals (D:3)
  5 kobolds
  3 quokkas
  2 bats
  2 frilled lizards
  4 rats
34 creatures vanquished.

Notes
Turn   | Place    | Note
-------+----------+-------------------------------------------
     0 | D:1      | BobuRosu the Demonspawn Berserker began the quest for the
                  | Orb.
     0 | D:1      | Reached XP level 1. HP: 18/18 MP: 1/1
    91 | D:2      | Gained mutation: When seriously injured, your blood forms
                  | armour. (AC +6) [demonic ancestry]
    91 | D:2      | Reached XP level 2. HP: 24/24 MP: 2/2
    95 | D:2      | Reached skill level 3 in Maces & Flails
   109 | D:2      | Found a shimmering blue altar of Sif Muna.
   192 | D:2      | Gained mutation: You are clumsy. (Dex -2) [potion of
                  | mutation]
   192 | D:2      | Gained mutation: Your natural rate of healing is unusually
                  | fast. [potion of mutation]
   192 | D:2      | Gained mutation: You are resistant to electric shocks.
                  | (rElec) [potion of mutation]
   221 | D:2      | Noticed Jessica
   240 | D:2      | Killed Jessica
   241 | D:2      | Reached XP level 3. HP: 23/29 MP: 3/3
   485 | D:3      | Reached ** piety under Trog
   849 | D:3      | Reached XP level 4. HP: 35/35 MP: 4/4
  1116 | D:4      | Reached skill level 4 in Maces & Flails
  1118 | D:4      | Noticed an orc warrior
  1141 | D:4      | Slain by an orc

Illustrated notes

Levels and vault maps discovered:
D:1:      dpeg_arrival_solitude, layout_basic
D:2:      layout_basic, basic_altar, uniq_jessica
D:3:      layout_basic
D:4:      layout_gridville

Skill      XL: |  1  2  3  4 |
---------------+-------------+-----
Maces & Flails | 3 4 |  4.0
Dodging        | 2 |  2.6
Fighting       | |  3.5
Armour         | |  1.8
Stealth        | |  0.1

Action                     |  1- 3 |  4- 6 || total
---------------------------+-------+-------++-------
  Melee: Mace              |    78 |    32 ||   110
    Use: Potion            |     3 |     3 ||     6
         Scroll            |     2 |     1 ||     3
 Armour: Animal skin       |     7 |       ||     7
         Skin              |     8 |    27 ||    35
         Robe              |    13 |    14 ||    27
  Dodge: Dodged            |    66 |    33 ||    99
